 Dungeon Crawl Stone Soup version 0.26-a0-519-gb2f46efeda (webtiles) character file.

Game seed: 12586454984495207243

11016 MrRokkomies the Tainter (level 11, -9/74 HPs)
             Began as an Octopode Venom Mage on Aug 10, 2020.
             Was a Priest of Kikubaaqudgha.
             Mangled by a meliai simulacrum (18 damage)
             ... on level 11 of the Dungeon.
             The game lasted 00:32:11 (14870 turns).

MrRokkomies the Tainter (Octopode Venom Mage)      Turns: 14870, Time: 00:32:12

Health: -9/74      AC:  1    Str: 13    XL:     11   Next: 71%
Magic:  18/18      EV: 18    Int: 21    God:    Kikubaaqudgha [***...]
Gold:   718        SH:  8    Dex: 13    Spells: 2/20 levels left

rFire    + . .     SeeInvis .   b - +9 staff of Olgreb {rPois∞}
rCold    . . .     Faith    .   u - +3 warlock's mirror {reflect}
rNeg     . . .     Spirit   .   (helmet restricted)
rPois    ∞         Reflect  +   (no amulet)
rElec    .         Harm     .   q - +4 ring of slaying
rCorr    .                      B - +6 ring of strength
MR       .....                  n - ring of protection from fire
Stlth    +++++.....             o - ring of poison resistance
HPRegen  0.22/turn              k - ring of flight
MPRegen  0.16/turn              F - ring of wizardry
                                (no ring)
                                (no ring)

@: hasted, studying Summonings, very quick
A: almost no armour, stealthy swim, amphibious, 8 rings, constrict 8, camouflage
1, gelatinous body 1
a: Receive Corpses, Renounce Religion, Evoke Flight


You were on level 11 of the Dungeon.
You worshipped Kikubaaqudgha.
Kikubaaqudgha was most pleased with you.
You visited 2 branches of the dungeon, and saw 12 of its levels.
You also visited: Ossuary and Bailey.

You collected 718 gold pieces.

Inventory:

Hand Weapons
 a - the +7 morningstar "Vyklo" {drain, rC+}
   (You found it in a bailey)

   A truly terrible weapon, it drains the life of those it strikes.
   It protects you from cold.
 b - the +9 staff of Olgreb (weapon) {rPois∞}
   (You found it on level 9 of the Dungeon)

   It grants immunity to poison.
 w - a +2 rapier of venom
 V - a +2 antimagic demon whip
Missiles
 e - 77 poisoned darts (quivered)
 x - 4 javelins
Armour
 u - the +3 warlock's mirror (worn) {reflect}
   (You acquired it in a bailey)
Magical Staves
 h - an uncursed staff of wizardry
 Q - an uncursed staff of poison {unknown}
 S - an uncursed staff of conjuration
Jewellery
 k - a ring of flight (on tentacle)
 n - a ring of protection from fire (on tentacle)
 o - a ring of poison resistance (on tentacle)
 q - a +4 ring of slaying (left tentacle)
 B - a +6 ring of strength (right tentacle)
 F - a ring of wizardry (on tentacle)
Wands
 v - a wand of random effects (10)
 A - a wand of polymorph (8)
 D - a wand of enslavement (14)
Scrolls
 c - 2 scrolls of enchant armour
 g - 3 scrolls of fog
 j - 8 scrolls of teleportation
 s - 2 scrolls of magic mapping
 C - 6 scrolls of identify
 H - 2 scrolls of enchant weapon
 K - 2 scrolls of remove curse
 L - a scroll of immolation
 O - a scroll of amnesia
 P - 2 scrolls of fear
Potions
 d - 2 potions of cancellation
 f - a potion of ambrosia
 i - 4 potions of magic
 l - 4 potions of mutation
 m - 7 potions of degeneration {unknown}
 p - 4 potions of might
 r - 4 potions of lignification
 t - 5 potions of flight
 y - 3 potions of stabbing
 z - a potion of berserk rage
 E - a potion of brilliance {unknown}
 G - 4 potions of haste
 I - a potion of resistance {unknown}
 J - 2 potions of heal wounds {unknown}
 N - a potion of curing {unknown}
Books
 R - a manual of Summonings
Miscellaneous
 M - a condenser vane (2/2)
 U - a phantom mirror


   Skills:
 * Level 6.8 Fighting
 + Level 9.5 Dodging
 - Level 10.0 Stealth
 - Level 4.0 Shields
 - Level 5.0 Spellcasting
 * Level 4.0 Necromancy
 - Level 4.0 Transmutations
 + Level 11.1 Poison Magic


You had 2 spell levels left.
You knew the following spells:

 Your Spells              Type           Power        Failure   Level
a - Sting                 Tmut/Pois      ####         1%          1
b - Poisonous Vapours     Pois/Air       #####.       1%          2
c - Mephitic Cloud        Conj/Pois/Air  ####....     2%          3
d - Ignite Poison         Fire/Tmut/Pois #####...     1%          3
e - Olgreb's Toxic Radia  Pois           ######..     1%          4
f - Agony                 Necr           ###.....     22%         5

Your spell library contained the following spells:

 Spells                   Type           Power        Failure   Level
 Pain                     Necr           ###.         1%          1
 Sublimation of Blood     Necr           ###.......   1%          2
 Corpse Rot               Necr/Air       N/A          2%          2
 Vampiric Draining        Necr           ###.......   2%          3
 Dispel Undead            Necr           ###.....     9%          4
 Excruciating Wounds      Necr           ###.......   22%         5
 Death Channel            Necr           ###.......   75%         6
 Simulacrum               Ice/Necr       ##........   94%         6


Dungeon Overview and Level Annotations

Branches:
Dungeon (11/15)            Temple (1/1) D:7             Orc (0/2) D:11
Ossuary (visited)          Bailey (visited)
   Lair: D:8-11

Altars:
Ashenzari
Cheibriados
Dithmenos
Elyvilon
Fedhas
Gozag
Hepliaklqana
Kikubaaqudgha
Makhleb
Nemelex Xobeh
Okawaru
Qazlal
Ru
Sif Muna
Trog
Uskayaw
Vehumet
Wu Jian
Xom
Yredelemnul
Zin
The Shining One

Annotations:
D:4 Grinder
D:9 2 runed translucent doors, exclusion: orange crystal statue
D:11 Grum


Innate Abilities, Weirdness & Mutations

You cannot wear most types of armour.
You are very stealthy in the water. (Stealth+)
You are amphibious.
You can wear up to eight rings at the same time.
You can use your tentacles to constrict eight enemies at once.
Your skin changes colour to match your surroundings (Stealth+).
Your rubbery body absorbs attacks. (AC +1, EV +1)


Message History

You block the meliai simulacrum's attack.
The meliai simulacrum hits you! The meliai simulacrum freezes you!
* * * LOW HITPOINT WARNING * * *
Okay, then.
Unknown command.
Okay, then.
Unknown command.
You feel yourself speed up.
You block the meliai simulacrum's attack. x2
The phantom hits you!
* * * LOW HITPOINT WARNING * * *
The phantom blinks!
The meliai simulacrum completely misses you.
The meliai simulacrum misses you.
The phantom blinks!
The meliai simulacrum hits you.
* * * LOW HITPOINT WARNING * * *
The meliai simulacrum freezes you!!
You die...
Kikubaaqudgha rasps: "You have failed me!
Welcome... death!"

...#....### ##..#
..####....###...# ...#
###.......## .# ...## ###.....#
..# ....#####.....## #..#
.....##........# ##...# .#
.....).........########..[.###..
.........)..................#.$O
.............W..@Z.....^........
....##.........................#
..#####......................###
.# #........##..............# .
##......######............
##....## ###...###.... #...##
#...# ##. #..## #...# #...#


You could see a phantom and a meliai simulacrum.

Vanquished Creatures
  A dire elephant (Bailey)
  A hydra (D:9)
  2 two-headed ogres
  Nergalle (D:11)
  A komodo dragon (D:11)
  A troll (D:7)
  6 hippogriffs
  A wyvern (D:8)
  A shadow (D:9)
  A wraith (D:9)
  Edmund (D:4)
  A water moccasin (D:9)
  7 orc warriors
  3 ice beasts
  4 sky beasts
  A phantom (D:7)
  9 ogres
  A wolf (D:11)
  4 centaurs
  8 bullfrogs
  A wyvern skeleton (D:8)
  5 scorpions
  5 killer bees (D:9)
  A wight (D:9)
  3 howler monkeys
  3 centaur zombies
  3 bullfrog zombies
  4 hounds
  2 quasits
  4 orc priests
  3 jellies
  7 orc wizards
  A centaur skeleton (D:9)
  Ijyb (D:4)
  2 bullfrog skeletons (D:9)
  An iguana (D:6)
  12 worker ants
  2 big kobold zombies (Ossuary)
  2 mummies (Ossuary)
  A worker ant zombie (D:8)
  Robin (D:3)
  10 adders
  4 gnolls
  A howler monkey skeleton (D:6)
  2 shadow imps
  4 white imps
  2 ufetubi
  2 oozes
  An adder skeleton (D:5)
  8 adder zombies
  3 worms
  4 dart slugs
  2 leopard geckos
  26 orcs
  A ball python (D:1)
  9 giant cockroaches
  A gnoll zombie (Ossuary)
  10 hobgoblins
  10 jackals
  5 quokkas
  7 bats
  7 frilled lizards
  24 goblins
  A goblin zombie (D:8)
  8 hobgoblin zombies (Ossuary)
  2 jackal skeletons
  24 kobolds
  5 kobold zombies (Ossuary)
  A leopard gecko skeleton (D:8)
  A leopard gecko zombie (D:7)
  4 orc zombies (Ossuary)
  8 rats
316 creatures vanquished.

Notes
Turn   | Place    | Note
-------+----------+-------------------------------------------
     0 | D:1      | MrRokkomies the Octopode Venom Mage began the quest for the
                  | Orb.
     0 | D:1      | Reached XP level 1. HP: 11/11 MP: 3/3
   461 | D:1      | Reached XP level 2. HP: 10/17 MP: 5/5
   894 | D:1      | Reached skill level 4 in Poison Magic
   993 | D:1      | Reached XP level 3. HP: 21/21 MP: 0/6
  1743 | D:2      | Reached XP level 4. HP: 20/27 MP: 1/7
  1747 | D:2      | Learned a level 2 spell: Poisonous Vapours
  1751 | D:2      | Learned a level 3 spell: Mephitic Cloud
  2029 | D:2      | You fall into a shaft and drop 1 floor!
  2842 | D:2      | Found a sacrificial altar of Ru.
  2953 | D:3      | Reached XP level 5. HP: 21/31 MP: 8/8
  3390 | D:3      | Found a shimmering altar of Xom.
  3392 | D:3      | Found a shimmering altar of Xom.
  3410 | D:3      | Found a shimmering altar of Xom.
  3410 | D:3      | Found a shimmering altar of Xom.
  3410 | D:3      | Found a shimmering altar of Xom.
  3410 | D:3      | Found a shimmering altar of Xom.
  3505 | D:3      | Reached skill level 5 in Poison Magic
  3858 | D:3      | Noticed Robin
  3864 | D:3      | Killed Robin
  4301 | D:4      | Noticed Edmund
  4391 | D:3      | Reached XP level 6. HP: 14/36 MP: 9/9
  4844 | D:4      | Learned a level 3 spell: Ignite Poison
  5004 | D:4      | Killed Edmund
  5004 | D:4      | Reached skill level 6 in Poison Magic
  5004 | D:4      | Reached XP level 7. HP: 25/41 MP: 2/10
  5223 | D:4      | Reached skill level 5 in Stealth
  5307 | D:4      | Noticed Ijyb
  5311 | D:4      | Killed Ijyb
  5469 | D:4      | Noticed Grinder
  5508 | D:5      | Entered Level 5 of the Dungeon
  5658 | D:5      | Reached skill level 5 in Dodging
  5936 | D:5      | Reached skill level 7 in Poison Magic
  6051 | D:5      | Reached XP level 8. HP: 46/46 MP: 4/11
  6298 | D:5      | Found a blossoming altar of Fedhas.
  7225 | D:6      | Reached skill level 8 in Poison Magic
  7598 | D:6      | Found a shimmering blue altar of Sif Muna.
  7815 | D:7      | Found a flagged portal.
  8114 | Bailey   | Entered a bailey
  8346 | Bailey   | Noticed an orc warlord
  8419 | Bailey   | Reached XP level 9. HP: 35/51 MP: 12/12
  8563 | Bailey   | Found a runed translucent gate.
  8563 | Bailey   | Found a runed translucent gate.
  8705 | Bailey   | Learned a level 4 spell: Olgreb's Toxic Radiance
  8791 | Bailey   | Found a runed translucent gate.
  8802 | Bailey   | Noticed a dire elephant
  8802 | Bailey   | an orc warlord changed into a dire elephant
  8915 | Bailey   | Killed a dire elephant
  8915 | Bailey   | Reached skill level 9 in Poison Magic
  9162 | Bailey   | Got a masterwork morningstar
  9163 | Bailey   | Identified 2 scrolls of acquirement
  9163 | Bailey   | Acquired a +0 buckler of protection
  9170 | Bailey   | Acquired the +3 warlock's mirror {reflect}
  9171 | Bailey   | Found the +3 warlock's mirror {reflect}
  9222 | D:7      | Identified the +7 morningstar "Vyklo" {drain, rC+} (You
                  | found it in a bailey)
  9232 | D:7      | Found a staircase to the Ecumenical Temple.
  9247 | Temple   | Entered the Ecumenical Temple
  9434 | Temple   | Became a worshipper of Kikubaaqudgha
  9487 | D:7      | Reached skill level 1 in Shields
  9764 | D:7      | Noticed a troll
  9775 | D:7      | Killed a troll
  9908 | D:7      | Found a glowing silver altar of Zin.
  9917 | D:7      | Found a snail-covered altar of Cheibriados.
  9917 | D:7      | Found a radiant altar of Vehumet.
  9920 | D:7      | Found a basalt altar of Yredelemnul.
  9966 | D:7      | Found a white marble altar of Elyvilon.
 10139 | D:8      | Found a sand-covered staircase.
 10143 | D:8      | Reached XP level 10. HP: 56/56 MP: 17/17
 10147 | Ossuary  | Entered an ossuary
 10238 | Ossuary  | Reached * piety under Kikubaaqudgha
 10238 | Ossuary  | Identified Kikubaaqudgha's Grimoire of Unholy Magic
                  | (Kikubaaqudgha gifted it to you in an ossuary)
 10238 | Ossuary  | Received a gift from Kikubaaqudgha
 10275 | Ossuary  | Reached skill level 5 in Spellcasting
 10492 | D:8      | Reached skill level 1 in Fighting
 10632 | D:8      | Found a basalt altar of Yredelemnul.
 10812 | D:8      | Found a hide-covered altar of Uskayaw.
 10956 | D:8      | Found a sacrificial altar of Ru.
 11172 | D:8      | Reached ** piety under Kikubaaqudgha
 11362 | D:9      | Found a runed translucent door.
 11378 | D:9      | Found a runed translucent door.
 11388 | D:9      | Found a runed translucent door.
 11415 | D:9      | Found a runed translucent door.
 11542 | D:9      | Found a shattered altar of Ashenzari.
 11633 | D:9      | Reached skill level 10 in Poison Magic
 11758 | D:9      | Noticed a two-headed ogre
 12062 | D:8      | Killed a two-headed ogre
 12216 | D:8      | Reached XP level 11. HP: 54/70 MP: 18/18
 12420 | D:9      | Reached skill level 5 in Fighting
 12442 | D:9      | Reached skill level 10 in Stealth
 12530 | D:9      | Reached *** piety under Kikubaaqudgha
 12530 | D:9      | Identified Kikubaaqudgha's Catalogue of Evil Rituals
                  | (Kikubaaqudgha gifted it to you on level 9 of the Dungeon)
 12530 | D:9      | Received a gift from Kikubaaqudgha
 12556 | D:9      | Noticed a five-headed hydra
 12566 | D:9      | Learned a level 5 spell: Agony
 12574 | D:9      | Killed a five-headed hydra
 12574 | D:9      | Reached skill level 1 in Necromancy
 12911 | D:9      | Found the +9 staff of Olgreb {rPois∞}
 13144 | D:9      | Noticed an orange crystal statue
 13303 | D:10     | Entered Level 10 of the Dungeon
 14480 | D:11     | Found a staircase to the Orcish Mines.
 14686 | D:11     | Noticed Nergalle
 14698 | D:11     | Killed Nergalle
 14698 | D:11     | Reached skill level 11 in Poison Magic
 14703 | D:11     | Noticed a two-headed ogre
 14710 | D:11     | Killed a two-headed ogre
 14853 | D:11     | Noticed Grum
 14860 | D:11     | Noticed a two-headed ogre
 14870 | D:11     | Mangled by a meliai simulacrum

Illustrated notes

Levels and vault maps discovered:
D:1:      dpeg_arrival_erosion, layout_loops_ring
D:2:      layout_loops_ring, nicolae_ru_path_of_blood
D:3:      layout_rooms, xom_redecorated, uniq_robin
D:4:      layout_gridville, chequers_mini_garden, uniq_edmund, uniq_grinder,
          uniq_duvessa, uniq_ijyb
D:5:      layout_basic, fedhas_bush_and_centaur_altar
D:6:      layout_rooms, led_sif_pool
D:7:      layout_rooms, minitemple, minmay_temple_entry_overgrown,
          enter_bailey_3, minmay_misc_feat_diagonals, elyvilon_altar_3
D:8:      layout_loops_ring, kennysheep_mini_moat,
          lemuel_coloured_pillars_altar, basic_altar, enter_ossuary_3,
          minmay_fractal_squares_gapless_5
D:9:      minmay_the_grid_4x2 [minmay_the_grid_fan,
          minmay_the_grid_aliased_spiral, minmay_the_grid_zigzag_pyramid,
          minmay_the_grid_spin_star, minmay_the_grid_small_cups,
          minmay_the_grid_stretched_grid, minmay_the_grid_tiny_cups,
          minmay_the_grid_prize_trominoes], layout_rooms,
          cheibrodos_ashenzari_chains, minmay_statue_crystal_thing
D:10:     layout_long_grid
D:11:     layout_layer_cave, david_lair_generic, orc_0_dummy, wad_scary_box,
          uniq_nergalle, uniq_grum
Temple:   nicolae_temple_figure_eight

Skill      XL: |  1  2  3  4  5  6  7  8  9 10 11 |
---------------+----------------------------------+-----
Stealth        | 3 4 5 6 8 9 10 | 10.0
Poison Magic   | 4 5 6 7 8 9 10 11 | 11.1
Dodging        | 3 4 5 6 7 8 9 |  9.5
Transmutations | 2 3 4 |  4.0
Spellcasting   | 4 5 |  5.0
Shields        | 2 4 |  4.0
Fighting       | 4 6 |  6.8
Necromancy     | 4 |  4.0

Action                   |  1- 3 |  4- 6 |  7- 9 | 10-12 || total
-------------------------+-------+-------+-------+-------++-------
Melee: Mace              |    43 |       |       |       ||    43
       Constrict         |    18 |    46 |    35 |    40 ||   139
       Tentacles         |     5 |    27 |    29 |    45 ||   106
       Long sword        |    12 |    68 |       |       ||    80
       Dagger            |       |    20 |       |       ||    20
       Trident           |       |    86 |   157 |       ||   243
       Morningstar       |       |       |    24 |   236 ||   260
       Rapier            |       |       |       |     6 ||     6
 Cast: Sting             |     7 |     5 |    31 |     3 ||    46
       Poisonous Vapours |       |    11 |    35 |     9 ||    55
       Mephitic Cloud    |       |       |     1 |     4 ||     5
       Ignite Poison     |       |       |     2 |     8 ||    10
       Olgreb's Toxic Ra |       |       |     1 |    10 ||    11
Evoke: Wand              |       |       |     3 |       ||     3
       Staff of Olgreb   |       |       |       |     1 ||     1
  Use: Scroll            |     3 |    11 |    11 |     3 ||    28
       Potion            |       |       |     2 |     2 ||     4
 Stab: Sleeping          |     5 |    16 |    19 |    25 ||    65
       Distracted        |       |     1 |     2 |       ||     3
Armor: Skin              |     6 |    14 |     6 |    57 ||    83
Dodge: Dodged            |    47 |   117 |   216 |   182 ||   562
Block: Buckler           |       |       |     7 |   109 ||   116
       Reflection        |       |       |       |     1 ||     1
       Rpst.: Long sword |     5 |    16 |       |       ||    21

Table legend: (Time is in decaauts)
 A = Elapsed time spent in this place.
 B = Non-inter-level travel time spent in this place.
 C = Inter-level travel time spent in this place.
 D = Time resting spent in this place.
 E = Time spent auto-exploring this place.
 F = Levels seen in this place.
 G = Mean time per level.
                   A        B        C        D        E       F      G
               +--------+--------+--------+--------+--------+-----+--------+
         Total |  15078 |  14670 |    408 |   3433 |   8793 |  14 | 1077.0 |
       Dungeon |  13578 |  13210 |    368 |   2963 |   8224 |  11 | 1234.4 |
        Temple |    216 |    176 |     40 |      0 |    175 |   1 |  216.0 |
       Ossuary |    211 |    211 |      0 |      0 |    124 |   1 |  211.0 |
        Bailey |   1071 |   1071 |      0 |    470 |    270 |   1 | 1071.0 |
               +--------+--------+--------+--------+--------+-----+--------+

Top non-repeatable levels by time:
     D:3: 1719 daAuts
     D:2: 1540 daAuts
     D:9: 1426 daAuts
     D:8: 1410 daAuts
     D:1: 1391 daAuts
     D:6: 1322 daAuts
     D:5: 1277 daAuts
  Bailey: 1071 daAuts
    D:10: 1049 daAuts
     D:7: 971 daAuts
     D:4: 930 daAuts
    D:11: 539 daAuts
  Temple: 216 daAuts
 Ossuary: 211 daAuts
